 Dungeon Crawl Stone Soup version 0.28-a0-643-g84cb2ea78e (webtiles) character file.

Game seed: 5876028511841308277

91 timneilson the Covered (level 4, -5/35 HPs)
             Began as a Demonspawn Fighter on Oct 10, 2021.
             Slain by a hornet zombie (8 damage)
             ... on level 3 of the Dungeon.
             The game lasted 00:03:50 (2289 turns).

timneilson the Covered (Demonspawn Fighter)         Turns: 2289, Time: 00:03:51

Health: -5/35      AC:  6    Str: 17    XL:     4   Next: 33%
Magic:  4/4        EV:  9    Int: 10    God:
Gold:   78         SH:  4    Dex: 12    Spells: 3/3 levels left

rFire   . . .      SeeInvis .   a - +0 long sword
rCold   . . .      Faith    .   c - +0 buckler
rNeg    . . .      Spirit   .   b - +0 scale mail
rPois   .          Reflect  .   (helmet restricted)
rElec   .          Harm     .   (no cloak)
rCorr   .          Rampage  .   (no gloves)
Will    .....                   (no boots)
Stlth   ..........              (no amulet)
HPRegen 0.11/turn               (no ring)
MPRegen 0.09/turn               (no ring)

@: no status effects
A: horns 1, weakness stinger 1
a: no special abilities


You were on level 3 of the Dungeon.
You visited 1 branch of the dungeon, and saw 3 of its levels.

You collected 78 gold pieces.

Inventory:

Hand Weapons
 a - a +0 long sword (weapon)
Armour
 b - a +0 scale mail (worn)
 c - a +0 buckler (worn)
Scrolls
 j - a scroll of teleportation
Potions
 d - a potion of might
 h - a potion of mutation
 i - a potion of attraction
 k - 2 potions of heal wounds


   Skills:
 + Level 3.2 Fighting
 * Level 2.5 Long Blades
 * Level 3.4 Armour
 + Level 0.9 Dodging
 * Level 3.3 Shields


You had 3 spell levels left.
You didn't know any spells.
Your spell library was empty.

Dungeon Overview and Level Annotations

Branches:
Dungeon (3/15)

Altars:


Innate Abilities, Weirdness & Mutations

You have a pair of small horns on your head.
You have a small tail.


Message History

i - a potion of attraction Drop what? 10/52 slots (_ for help) (? for menu, Esc to quit)
You drop a potion of degeneration.
You drop an amulet of faith.
You climb downwards.
There is a stone staircase leading up here.
You slash the hornet zombie! Your headbutt misses the hornet zombie.
The hornet zombie is lightly damaged.
The hornet zombie hits you but does no damage.
You barely miss the hornet zombie. Your headbutt misses the hornet zombie.
The hornet zombie is lightly damaged.
The hornet zombie closely misses you. The hornet zombie hits you.
You barely miss the hornet zombie. Your headbutt misses the hornet zombie.
You tail-slap the hornet zombie.
The hornet zombie is lightly damaged.
You block the hornet zombie's attack.
The hornet zombie completely misses you.
You barely miss the hornet zombie.
The hornet zombie is lightly damaged.
The hornet zombie hits you!
You closely miss the hornet zombie. You headbutt the hornet zombie.
The hornet zombie is moderately damaged.
The hornet zombie hits you. The hornet zombie barely misses you.
You closely miss the hornet zombie.
The hornet zombie is moderately damaged.
The hornet zombie hits you but does no damage. x2
You hit the hornet zombie.
The hornet zombie is moderately damaged.
The hornet zombie hits you! The hornet zombie hits you.
You closely miss the hornet zombie.
The hornet zombie is moderately damaged.
You block the hornet zombie's attack.
Your scale mail prevents you from hitting the hornet zombie.
You headbutt the hornet zombie.
Your tail-slap misses the hornet zombie.
The hornet zombie is moderately damaged.
The hornet zombie hits you!
* * * LOW HITPOINT WARNING * * *
The hornet zombie hits you!
You die...

###
#@#
#Z#
#.#
#.#
#.#
#.#
...
#.#


You could see a hornet zombie.

Vanquished Creatures
  Robin (D:2)
  An adder (D:2)
  A worm (D:2)
  A dart slug (D:1)
  4 orcs (D:2)
  4 ball pythons
  6 bats
  An endoplasm (D:1)
  3 giant cockroaches
  11 goblins
  5 hobgoblins
  4 jackals (D:2)
  4 frilled lizards
  8 kobolds
  7 rats
61 creatures vanquished.

Notes
Turn   | Place    | Note
-------+----------+-------------------------------------------
     0 | D:1      | timneilson the Demonspawn Fighter began the quest for the
                  | Orb.
     0 | D:1      | Reached XP level 1. HP: 18/18 MP: 1/1
   257 | D:1      | Discovered your monstrous ancestry.
   257 | D:1      | Gained mutation: You have a small tail. [demonic ancestry]
   257 | D:1      | Reached XP level 2. HP: 24/24 MP: 2/2
   292 | D:1      | Found a faded altar of an unknown god.
  1023 | D:2      | Noticed Robin
  1034 | D:2      | Gained mutation: You have a pair of small horns on your
                  | head. [demonic ancestry]
  1034 | D:2      | Reached XP level 3. HP: 29/29 MP: 3/3
  1287 | D:2      | Killed Robin
  1554 | D:2      | Reached XP level 4. HP: 26/35 MP: 4/4
  2289 | D:3      | Slain by a hornet zombie

Illustrated notes

Levels and vault maps discovered:
D:1:      evilmike_arrival_rings, layout_basic,
          ebering_ecumenical_altar_sacrificial, minmay_hedge_maze
D:2:      layout_basic, uniq_robin
D:3:      layout_basic

Skill      XL: |  1  2 |
---------------+-------+-----
Long Blades    | 2 |  2.5
Armour         | 3 |  3.4
Shields        | 3 |  3.3
Fighting       | |  3.2
Dodging        | |  0.9

Action                   |  1- 3 |  4- 6 || total
-------------------------+-------+-------++-------
Melee: Long sword        |   111 |    48 ||   159
       Tailslap          |    11 |     6 ||    17
       Headbutt          |     4 |     7 ||    11
  Use: Scroll            |     5 |     4 ||     9
Armor: Scale mail        |    55 |    25 ||    80
Dodge: Dodged            |    76 |    21 ||    97
Block: Buckler           |    29 |     6 ||    35

Table legend: (Time is in decaauts)
 A = Elapsed time spent in this place.
 B = Non-inter-level travel time spent in this place.
 C = Inter-level travel time spent in this place.
 D = Time resting spent in this place.
 E = Time spent auto-exploring this place.
 F = Levels seen in this place.
 G = Mean time per level.
                   A        B        C        D        E       F      G
               +--------+--------+--------+--------+--------+-----+--------+
         Total |   2341 |   2338 |      3 |    185 |   1683 |   3 |  780.3 |
       Dungeon |   2341 |   2338 |      3 |    185 |   1683 |   3 |  780.3 |
               +--------+--------+--------+--------+--------+-----+--------+

Top non-repeatable levels by time:
     D:1: 1216 daAuts
     D:2: 1113 daAuts
     D:3: 11 daAuts
